 Dungeon Crawl Stone Soup version 0.30.0-13-g156ef70053 (webtiles) character file.

Game seed: 277556502550306150

256 Iich the Chopper (level 6, 0/61 HPs)
             Began as a Hill Orc Fighter on May 17, 2023.
             Was an Initiate of Qazlal.
             Slain by a gnoll
             ... wielding a +1 heavy halberd
             ... led by a gnoll bouda
              (16 damage)
             ... on level 4 of the Dungeon.
             The game lasted 00:04:00 (2351 turns).

Iich the Chopper (Hill Orc Fighter)                 Turns: 2351, Time: 00:04:01

Health: 0/61       AC: 15    Str: 18    XL:     6   Next: 16%
Magic:  0/6        EV:  9    Int:  7    God:    Qazlal [......]
Gold:   151        SH:  5    Dex: 16    Spells: 5/5 levels left

rFire   + . .        a - +0 war axe (protect)
rCold   . . .        c - +0 buckler
rNeg    . . .        b - +0 scale mail
rPois   .            (no helmet)
rElec   .            (no cloak)
rCorr   .            (no gloves)
SInv    .            p - +0 pair of boots
Will    +....        l - amulet of guardian spirit Stlth
                     F - ring of protection from fire
HPRegen 0.30/turn    (no ring)
MPRegen 0.10/turn

%: guardian spirit
@: under a protective aura
A: agile 1, strong-willed 1, robust 1, MP-powered wands
a: Renounce Religion


You were on level 4 of the Dungeon.
You worshipped Qazlal.
Qazlal was noncommittal.
You visited 2 branches of the dungeon, and saw 5 of its levels.

You collected 151 gold pieces.

Inventory:

Hand Weapons
 a - a +0 war axe of protection (weapon)
Armour
 b - a +0 scale mail (worn)
 c - a +0 buckler (worn)
 g - a +0 plate armour
 p - a +0 pair of boots (worn)
Jewellery
 l - an amulet of guardian spirit (around neck)
 F - a ring of protection from fire (left hand)
Scrolls
 e - a scroll of acquirement {unknown}
 i - 3 scrolls of brand weapon
 j - a scroll of silence {unknown}
Potions
 d - a potion of might
 f - a potion of haste {unknown}
 h - a potion of mutation
 k - a potion of heal wounds {unknown}
 m - a potion of lignification
 n - 3 potions of brilliance
 o - a potion of degeneration {unknown}


   Skills:
 + Level 5.4 Fighting
 * Level 6.9 Axes
 - Level 3.2 Armour
 - Level 3.2 Shields


You had 5 spell levels left.
You didn't know any spells.
Your spell library contained the following spells:

 Spells                   Type           Power      Damage    Failure   Level
 Portal Projectile        Hex/Tloc       0%         N/A       99%         3
 Stone Arrow              Conj/Erth      0%         3d7       99%         3
 Tukima's Dance           Hex            0%         N/A       99%         3
 Animate Armour           Summ/Erth      0%         N/A       100%        4
 Blade Hands              Tmut           0%         N/A       100%        5
 Lehudib's Crystal Spear  Conj/Erth      0%         10d2      100%        8


Dungeon Overview and Level Annotations

Branches:
Dungeon (4/15)             Temple (1/1) D:4

Altars:
Ashenzari
Dithmenos
Hepliaklqana
Makhleb
Nemelex Xobeh
Qazlal
Ru
Sif Muna
Trog
Uskayaw
Wu Jian
The Shining One


Innate Abilities, Weirdness & Mutations

You are agile. (Dex +4, Str/Int -1)
You are strong-willed. (Will+)
You are robust. (+10% HP)
You expend magic power (3 MP) to strengthen your wands.


Message History

You slash the gnoll bouda!
The gnoll bouda is almost dead.
You block the gnoll bouda's attack. The gnoll closely misses you.
The gnoll hits you from afar with a +0 halberd.
* * * LOW HITPOINT WARNING * * *
You take 4 damage, and have 20/56 hp.
You hit the gnoll bouda.
You kill the gnoll bouda!
Qazlal accepts your kill.
Your attacks no longer feel as feeble.
The gnoll hits you from afar with a +0 halberd.
* * * LOW HITPOINT WARNING * * *
The gnoll hits you but does no damage.
You take 6 damage, and have 14/56 hp.
Okay, then.
Unknown command.
It was a potion of curing.
You feel better.
q - a potion of curing;
i - 3 scrolls of brand weapon The gnoll hits you from afar with a +0 halberd!
* * * LOW HITPOINT WARNING * * *
You now have 1/6 mp.
It was a potion of mutation.
You feel extremely strange.
You feel strong-willed.
You feel agile.
You feel robust.
You feel your magical essence link to the dungeon's wands.
You block the gnoll's attack. The gnoll closely misses you.
You feel better. You block the gnoll's attack.
The gnoll hits you but does no damage.
You regained 8 hp, and now have 23/61 hp.
The gnoll hits you from afar with a +0 spear.
* * * LOW HITPOINT WARNING * * *
The gnoll barely misses you.
You take 2 damage, and have 21/61 hp.
You hit the gnoll.
Your weapon exudes an aura of protection.
The gnoll is heavily wounded.
The gnoll hits you from afar with a +0 spear.
* * * LOW HITPOINT WARNING * * *
The gnoll hits you but does no damage.
The gnoll hits you with a +1 heavy halberd!!
You die...

#.#.... ......## ..
#######.#.#... #.# #..
....#.### ## #.#
#.####.##...###... #.#
#.#....#........#..
#.#
#.#...##..>.g##....
#.# #...#........#..#
#.####.#...###)g@##..#
#........#...###.# .#
#.##...#...#...#g#
.).......####...g.
........## ....#..
#.....### .........
#.##..# .....##.#..
#.##..# .. .# ......#


You could see 4 gnolls.

Vanquished Creatures
  An ogre (D:4)
  A gnoll bouda (D:4)
  2 orc wizards (D:4)
  2 gnolls
  2 adders
  A dart slug (D:1)
  6 orcs
  3 bats
  3 endoplasms
  2 giant cockroaches
  2 goblins
  6 hobgoblins
  3 kobolds
  A quokka (D:3)
  9 ball pythons
  A frilled lizard (D:1)
  6 rats
51 creatures vanquished.

Notes
Turn   | Place    | Note
-------+----------+-------------------------------------------
     0 | D:1      | Iich the Hill Orc Fighter began the quest for the Orb.
     0 | D:1      | Reached XP level 1. HP: 19/19 MP: 1/1
    52 | D:1      | Reached skill level 3 in Axes
   115 | D:1      | Reached XP level 2. HP: 27/27 MP: 2/2
   235 | D:1      | Found a faded altar of an unknown god.
   459 | D:2      | Reached skill level 4 in Axes
   460 | D:2      | Reached XP level 3. HP: 30/33 MP: 3/3
   651 | D:2      | Found a hide-covered altar of Uskayaw.
  1022 | D:3      | Reached XP level 4. HP: 8/41 MP: 0/4
  1281 | D:3      | Reached skill level 5 in Axes
  1834 | D:4      | Noticed an ogre
  1845 | D:4      | Killed an ogre
  1846 | D:4      | Reached skill level 5 in Fighting
  1846 | D:4      | Reached skill level 6 in Axes
  1846 | D:4      | Reached XP level 5. HP: 26/48 MP: 2/5
  2103 | D:4      | Found a staircase to the Ecumenical Temple.
  2113 | Temple   | Entered the Ecumenical Temple
  2321 | Temple   | Became a worshipper of Qazlal Stormbringer
  2345 | D:4      | Reached XP level 6. HP: 24/56 MP: 2/6
  2348 | D:4      | Gained mutation: You are strong-willed. (Will+) [potion of
                  | mutation]
  2348 | D:4      | Gained mutation: You are agile. (Dex +4, Str/Int -1)
                  | [potion of mutation]
  2348 | D:4      | Gained mutation: You are robust. (+10% HP) [potion of
                  | mutation]
  2348 | D:4      | Gained mutation: You expend magic power (3 MP) to
                  | strengthen your wands. [potion of mutation]
  2351 | D:4      | Slain by a gnoll

Illustrated notes

Levels and vault maps discovered:
D:1:      psy_arrival_statuary, layout_basic, basic_ecumenical_altar
D:2:      layout_rooms, basic_altar
D:3:      cheibrodos_helix_gallery, layout_loops_ring, serial_park_tiny_1,
          serial_park_tiny_pond, nicolae_elevator_lobby_asterisk
D:4:      layout_basic, minmay_temple_entry_slanted, uniq_blork_the_orc
Temple:   jpeg_temple_clearing

Skill      XL: |  1  2  3  4 |
---------------+-------------+-----
Axes           | 3 4 6 |  6.9
Fighting       | 4 5 |  5.4
Armour         | |  3.2
Shields        | |  3.2

Action                     |  1- 3 |  4- 6 || total
---------------------------+-------+-------++-------
  Melee: War axe           |    84 |    49 ||   133
    Use: Potion            |     2 |     3 ||     5
         Scroll            |       |     1 ||     1
 Armour: Scale mail        |    31 |    29 ||    60
         Plate armour      |    10 |       ||    10
  Dodge: Dodged            |    32 |    29 ||    61
  Block: Buckler           |    20 |    15 ||    35
